 Dungeon Crawl Stone Soup version 0.29.1-2-gbd0b4ee654 (webtiles) character file.

Game seed: 12417076105587454252

18 opdollar the Charlatan (level 2, -5/23 HPs)
             Began as a Gnoll Artificer on Nov 11, 2022.
             Slain by Natasha (8 damage)
             ... on level 2 of the Dungeon.
             The game lasted 00:14:24 (1465 turns).

opdollar the Charlatan (Gnoll Artificer)            Turns: 1465, Time: 00:14:25

Health: -5/23      AC:  3    Str: 11    XL:     2   Next: 66%
Magic:  2/2        EV: 12    Int: 10    God:
Gold:   74         SH:  0    Dex: 12    Spells: 2/2 levels left

rFire   . . .      SeeInvis .   a - +0 club
rCold   . . .      Faith    .   (no shield)
rNeg    . . .      Spirit   .   b - +0 leather armour
rPois   .          Reflect  .   (no helmet)
rElec   .          Harm     .   (no cloak)
rCorr   .          Rampage  .   (no gloves)
Will    .....                   (no boots)
Stlth   ++........              (no amulet)
HPRegen 0.07/turn               (no ring)
MPRegen 0.08/turn               (no ring)

@: slowed, very slow
A: fangs 1, strong nose, distributed training
a: no special abilities


You were on level 2 of the Dungeon.
You visited 1 branch of the dungeon, and saw 2 of its levels.

You collected 74 gold pieces.

Inventory:

Hand Weapons
 a - a +0 club (weapon)
 j - a +0 club
 k - a +0 short sword
 p - a +0 war axe
 q - a +0 dagger
 r - a +0 whip
Missiles
 l - 8 stones
Armour
 b - a +0 leather armour (worn)
 m - a +0 leather armour
Wands
 c - a wand of flame (15) (quivered)
 d - a wand of charming (15)
 e - a wand of iceblast (5)
Scrolls
 f - a scroll of teleportation {unknown}
 g - a scroll of magic mapping {unknown}
 h - 2 scrolls of fear {unknown}
 i - 2 scrolls of poison {unknown}
Potions
 n - a potion of berserk rage {unknown}
 o - a potion of haste {unknown}


   Skills:
 + Level 2.5 Fighting
 + Level 0.5 Short Blades
 + Level 0.5 Long Blades
 + Level 0.5 Axes
 + Level 0.5 Maces & Flails
 + Level 0.5 Polearms
 + Level 0.5 Staves
 + Level 0.5 Ranged Weapons
 + Level 0.5 Throwing
 + Level 4.5 Armour
 + Level 2.5 Dodging
 + Level 2.3 Stealth
 + Level 0.5 Shields
 + Level 0.5 Unarmed Combat
 + Level 0.5 Spellcasting
 + Level 0.3 Conjurations
 + Level 0.3 Hexes
 + Level 0.3 Summonings
 + Level 0.3 Necromancy
 + Level 0.3 Translocations
 + Level 0.3 Transmutations
 + Level 0.3 Fire Magic
 + Level 0.3 Ice Magic
 + Level 0.3 Air Magic
 + Level 0.3 Earth Magic
 + Level 0.3 Poison Magic
 + Level 0.6 Invocations
 + Level 6.5 Evocations


You had 2 spell levels left.
You didn't know any spells.
Your spell library was empty.

Dungeon Overview and Level Annotations

Branches:
Dungeon (2/15)

Altars:

Annotations:
D:2 Natasha


Innate Abilities, Weirdness & Mutations

You have very sharp teeth.
Your uncanny sense of smell can sniff out nearby items.
Your experience applies equally to all skills.


Message History

Found 15 gold pieces.
There is an open door here.
Natasha, Servant of Life and Death comes into view.
She is carrying a wand of digging (4).
The hobgoblin shouts!
Natasha hisses angrily.
Natasha stares at you and mumbles some strange words.
The magic dart hits you. The hobgoblin completely misses you.
You closely miss the hobgoblin. The hobgoblin barely misses you.
You hit the hobgoblin.
The hobgoblin is severely wounded.
The hobgoblin hits you.
Natasha casts a spell.
You hit the hobgoblin.
The hobgoblin is severely wounded.
The hobgoblin closely misses you.
A worm comes into view.
You hit the hobgoblin but do no damage.
The hobgoblin is severely wounded.
The hobgoblin hits you.
The crimson imp blinks!
The hobgoblin hits you.
You hit the hobgoblin.
You bite the hobgoblin, but do no damage.
The hobgoblin is almost dead.
Natasha casts a spell.
The hobgoblin misses you.
You hit the hobgoblin.
You kill the hobgoblin!
Natasha barely misses you.
You barely miss Natasha. The white imp gestures at you.
The puff of frost hits you. Natasha casts a spell at you.
You feel yourself slow down.
You barely miss Natasha. Your bite misses Natasha.
The white imp closely misses you.
Natasha casts a spell.
Natasha claws you.
* * * LOW HITPOINT WARNING * * *
The iron imp attacks as you move away! The iron imp barely misses you.
The crimson imp attacks as you move away!
The crimson imp barely misses you. Natasha claws you!
You die...

∆ ## ... ###
.... #<# .....
.######@#w.....
........h5.....
.#####5.5......
#.........
#####....$
#####


You could see an iron imp (summoned), Natasha, a crimson imp (summoned) and a
white imp (summoned).

Vanquished Creatures
  2 ball pythons (D:1)
  A bat (D:1)
  3 goblins (D:1)
  2 hobgoblins
  2 quokkas (D:1)
  3 frilled lizards (D:1)
  A kobold (D:1)
  3 rats (D:1)
17 creatures vanquished.

Notes
Turn   | Place    | Note
-------+----------+-------------------------------------------
     0 | D:1      | opdollar the Gnoll Artificer began the quest for the Orb.
     0 | D:1      | Reached XP level 1. HP: 17/17 MP: 1/1
   418 | D:1      | Found a faded altar of an unknown god.
   431 | D:1      | Reached XP level 2. HP: 18/23 MP: 2/2
  1456 | D:2      | Noticed Natasha
  1459 | D:2      | Noticed a crimson imp
  1465 | D:2      | Slain by Natasha

Illustrated notes

Levels and vault maps discovered:
D:1:      matt_arrival_refuge, layout_loops_ring,
          hellmonk_ecumenical_altar_lost_god
D:2:      layout_basic, grunt_ministairs_15, uniq_natasha

Action                   || total
-------------------------++-------
Melee: Club              ||    73
       Bite              ||     6
       Punch             ||     2
 Stab: Sleeping          ||     1
Armor: Leather armour    ||    18
Dodge: Dodged            ||    89
